 Dungeon Crawl Stone Soup version 0.30.0-5-g1a98f26d00 (webtiles) character file.

Game seed: 16519460281759799210

176 Monkooky the Covert (level 5, -1/50 HPs)
             Began as a Naga Delver on May 12, 2023.
             Was an Initiate of Yredelemnul.
             Slain by a gnoll
             ... wielding a +0 halberd
              (11 damage)
             ... on level 2 of the Dungeon.
             The game lasted 00:05:19 (1045 turns).

Monkooky the Covert (Naga Delver)                   Turns: 1045, Time: 00:05:19

Health: -1/50      AC:  3    Str: 16    XL:     5   Next: 56%
Magic:  5/5        EV:  9    Int: 11    God:    Yredelemnul [......]
Gold:   86         SH:  0    Dex: 12    Spells: 4/4 levels left

rFire   . . .        h - +0 spear
rCold   . . .        (no shield)
rNeg    . . .        b - +0 leather armour
rPois   +            (no helmet)
rElec   .            (no cloak)
rCorr   .            (no gloves)
SInv    +            (no barding)
Will    .....        (no amulet)
Stlth   ++++         (no ring)
HPRegen 0.28/turn    (no ring)
MPRegen 0.09/turn

%: no passive effects
@: short of breath, very slow
A: AC +1, large, see invisible, deformed body, poison resistance, slowness 2,
spit poison 1, naga tail 1
a: Spit Poison, Renounce Religion, Recall Undead Harvest


You were on level 2 of the Dungeon.
You worshipped Yredelemnul.
Yredelemnul was noncommittal.
You visited 1 branch of the dungeon, and saw 4 of its levels.

You collected 86 gold pieces.

Inventory:

Hand Weapons
 a - a +0 short sword
 d - a +0 dagger
 h - a +0 spear (weapon)
Armour
 b - a +0 leather armour (worn)
Wands
 g - a wand of digging (3)
Scrolls
 c - a scroll of fog
 e - a scroll of poison {unknown}
 f - 2 scrolls of identify {unknown}
 i - a scroll of summoning {unknown}
Potions
 j - a potion of invisibility {unknown}


   Skills:
 - Level 3.7 Fighting
 - Level 2.0 Short Blades
 + Level 1.2 Polearms
 - Level 1.5 Dodging
 - Level 10.1 Stealth


You had 4 spell levels left.
You didn't know any spells.
Your spell library contained the following spells:

 Spells                   Type           Power      Damage    Failure   Level
 Slow                     Hex            0%         N/A       41%         1
 Confusing Touch          Hex            0%         N/A       78%         3
 Vampiric Draining        Necr           0%         2d6       78%         3


Dungeon Overview and Level Annotations

Branches:
Dungeon (5/15)
 Temple: D:4-7

Altars:
Yredelemnul

Annotations:
D:4 1 runed translucent door, Arex's ghost, amateur MiCK


Innate Abilities, Weirdness & Mutations

Your serpentine skin is tough. (AC +1)
You have supernaturally acute eyesight. (SInv)
Armour fits poorly on your strangely shaped body.
Your system is resistant to poisons. (rPois)
You cover ground very slowly.
You can spit poison.
You have a snake-like lower body.


Message History

Okay, then.
Aiming: Spit Poison (1% risk of failure)
Press: ? - help, Q - select action, (/) - cycle Shift-Dir - straight line, f - gnoll
Aim: a gnoll, wielding a +0 whip (lightly wounded, 65% to hit)
The splash of poison hits the gnoll!
The gnoll is poisoned.
The gnoll is almost dead.
Unknown command.
You hit the gnoll but do no damage.
The gnoll is almost dead.
The gnoll completely misses you.
You hit the gnoll but do no damage.
The gnoll is almost dead.
You have got your breath back.
The gnoll barely misses you. The gnoll hits you with a +0 whip.
Aiming: Spit Poison (1% risk of failure)
Press: ? - help, Q - select action, (/) - cycle Shift-Dir - straight line, f/p - gnoll
Aim: a gnoll, wielding a +0 whip (almost dead, poisoned, 65% to hit)
The splash of poison hits the gnoll.
The gnoll looks even sicker.
You kill the gnoll!
The dead are walking!
The gnoll closely misses you.
Your Polearms skill increases to level 1!
You swap places.
Your gnoll zombie closely misses the gnoll.
Reach: h) +0 spear
Press: ? - help, Dir - move target, f - gnoll
Aim: a gnoll, wielding a +0 halberd (ally target, about 36% to evade your +0 spear)
You reach to attack!
You hit the gnoll.
The gnoll is lightly wounded.
The gnoll hits you from afar with a +0 halberd!
Reach: h) +0 spear
Press: ? - help, Dir - move target, f/p - gnoll
Aim: a gnoll, wielding a +0 halberd (lightly wounded, ally target, about 36% to evade your +0 spear)
You reach to attack!
You hit the gnoll but do no damage.
The gnoll is lightly wounded.
The gnoll hits you from afar with a +0 halberd!
* * * LOW HITPOINT WARNING * * *
Your gnoll zombie completely misses the gnoll.
The gnoll hits you from afar with a +0 halberd!
You die...
Your body rises from the dead as a mindless zombie.

.# #.# ###....####
.########.## ##......##
...........# ##......#
........#### ###....#
.......## ### #######.#
.......# #.###..####.#
.......######...........#
..........<....###.######
.......######..#@..#
#..##########..#Z###
........#......#g# #######
..........##...#g##......#
.<........##Z#.#S#........
.........ZZZ.#..g.).......
.........Z#######'''###...
.........Z# #.......#
..........# #..♣...♣..#


You could see 3 gnolls, an adder and a friendly gnoll zombie.

Vanquished Creatures
  A centaur (D:5)
  2 iguanas (D:5)
  A gnoll (D:2)
  An adder (D:2)
  2 worms
  A dart slug (D:2)
  An endoplasm (D:3)
  A giant cockroach (D:2)
  2 goblins (D:2)
  2 hobgoblins
  2 kobolds
  A bat (D:3)
  2 frilled lizards (D:2)
  A rat (D:2)
20 creatures vanquished.

Vanquished Creatures (others)
  An adder zombie (D:2)
  A ball python zombie (D:2)
  A jackal zombie (D:2)
  A quokka zombie (D:2)
4 creatures vanquished.

Grand Total: 24 creatures vanquished

Notes
Turn   | Place    | Note
-------+----------+-------------------------------------------
     0 | D:5      | Monkooky the Naga Delver began the quest for the Orb.
     0 | D:5      | Reached XP level 1. HP: 21/21 MP: 1/1
     9 | D:5      | Noticed an iguana
    19 | D:5      | Killed an iguana
    20 | D:5      | Reached skill level 8 in Stealth
    20 | D:5      | Reached XP level 2. HP: 12/28 MP: 2/2
    20 | D:5      | Reached XP level 3. HP: 14/34 MP: 3/3
   110 | D:5      | Noticed a centaur
   112 | D:5      | Killed a centaur
   113 | D:5      | Reached skill level 10 in Stealth
   113 | D:5      | Reached XP level 4. HP: 34/42 MP: 4/4
   182 | D:5      | Noticed a scorpion
   274 | D:5      | Reached XP level 5. HP: 49/49 MP: 5/5
   277 | D:4      | Found a runed translucent door.
   281 | D:4      | Noticed Arex's ghost (amateur MiCK)
   313 | D:4      | HP: 2/49 [ufetubus (3)]
   928 | D:2      | Found a faded altar of an unknown god.
   958 | D:2      | Found a basalt altar of Yredelemnul.
   977 | D:2      | Prayed at the altar of an unknown god.
   977 | D:2      | Became a worshipper of Yredelemnul the Dark
   977 | D:2      | Reached * piety under Yredelemnul
  1043 | D:2      | Reached skill level 1 in Polearms
  1045 | D:2      | Slain by a gnoll

Illustrated notes

Levels and vault maps discovered:
D:2:      layout_rooms, shapermc_ecumenical_altar_notcrosses, basic_altar,
          serial_curves, eino_curves_02, eino_curves_03, eino_curves_01,
          kennysheep_cluttered_room
D:3:      layout_basic, lemuel_tele_altar, jmf_multi_god_temple2, moated_statue,
          uniq_robin
D:4:      layout_cave_pools, ebering_ghost_sewer_f, dreamdust_gnoll_farm
D:5:      kb_forest_paths, layout_basic, serial_shops, shop

Skill      XL: |  1  2  3  4  5 |
---------------+----------------+-----
Stealth        | 8 10 | 10.1
Polearms       | 1 |  1.2
Fighting       | |  3.7
Short Blades   | |  2.0
Dodging        | |  1.5

Action                     |  1- 3 |  4- 6 || total
---------------------------+-------+-------++-------
  Melee: Short sword       |     2 |    24 ||    26
         Spear             |       |    15 ||    15
Ability: Spit Poison       |     4 |    22 ||    26
    Use: Scroll            |       |     2 ||     2
         Potion            |       |     1 ||     1
   Stab: Sleeping          |     1 |     2 ||     3
         Distracted        |       |     1 ||     1
 Armour: Leather armour    |       |     9 ||     9
  Dodge: Dodged            |     1 |    25 ||    26
